 Dungeon Crawl Stone Soup version 0.22.0-38-g04b72b8 (webtiles) character file.

6015 Gospel the Covert (level 10, -8/76 HPs)
             Began as a Demonspawn Wanderer on Aug 29, 2018.
             Was an Initiate of Gozag.
             Killed from afar by a gargoyle (19 damage)
             ... with a stone arrow
             ... on level 10 of the Dungeon on Aug 30, 2018.
             The game lasted 00:26:53 (9533 turns).

Gospel the Covert (Demonspawn Wanderer)             Turns: 9533, Time: 00:26:54

Health: -8/76      AC: 13    Str: 14    XL:     10   Next: 56%
Magic:  0/13       EV: 15    Int: 15    God:    Gozag
Gold:   475        SH:  0    Dex: 13    Spells: 8/11 levels left

rFire    . . .     SeeInvis .   v - +1 dagger (drain)
rCold    . . .     Gourm    .   (no shield)
rNeg     . . .     Faith    .   E - +2 robe {MR+}
rPois    .         Spirit   +   N - +2 helmet
rElec    .         Reflect  .   w - +2 cloak
rCorr    .         Harm     .   (no gloves)
MR       ++...                  x - +2 pair of boots
Stlth    +++++.....             m - amulet of regeneration
HPRegen  0.62/turn              y - ring of stealth
MPRegen  0.26/turn              l - ring of protection from magic

@: no status effects
A: hooves 2, magic shield, magic regeneration, magic link
a: Potion Petition, Call Merchant, Bribe Branch, Renounce Religion


You were on level 10 of the Dungeon.
You worshipped Gozag.
Gozag was aware of your devotion.
You were hungry.

You visited 2 branches of the dungeon, and saw 11 of its levels.

You collected 1323 gold pieces.
You spent 694 gold pieces at shops.
You paid 154 gold pieces to Gozag.

Inventory:

Hand Weapons
 a - a +2 dagger
 q - a +0 arbalest
 u - a +0 blowgun
 v - a +1 dagger of draining (weapon)
Missiles
 g - 500 stones (quivered)
 p - 91 poisoned needles
Armour
 e - the +3 chain mail of the Ninety-Nine Moons {-Tele MP+9 Dex+3, unknown}
   (You found it on level 9 of the Dungeon)

   It affects your dexterity (+3).
   It affects your magic capacity (+9).
   It prevents most forms of teleportation.
 w - a +2 cloak (worn)
 x - a +2 pair of boots (worn)
 E - a +2 robe of magic resistance (worn)
 N - a +2 helmet (worn)
Jewellery
 j - a +3 ring of intelligence
 l - a ring of protection from magic (right hand)
 m - an amulet of regeneration (around neck)
 n - an uncursed ring of positive energy
 y - a ring of stealth (left hand)
 I - the amulet "Daubbos" {Reflect rElec rN+ MP-9 SH+2}
   (You bought it in a shop on level 9 of the Dungeon)

   [amulet of reflection]

   It shields you and reflects attacks.
   It insulates you from electricity.
   It protects you from negative energy.
   It affects your magic capacity (-9).
   It affects your SH (+2).
 K - a cursed -3 ring of intelligence
Wands
 G - a wand of polymorph (16)
Scrolls
 h - 8 scrolls of remove curse
 k - 4 scrolls of teleportation
 t - 2 scrolls of immolation
 C - a scroll of noise
 F - a scroll of fog
 J - 2 scrolls of vulnerability
Potions
 b - a potion of might
 c - a potion of curing
 d - 3 potions of lignification
 i - a potion of agility {unknown}
 o - a potion of heal wounds {unknown}
 r - 2 potions of cancellation {unknown}
 s - 3 potions of brilliance
 z - a potion of magic {unknown}
 A - a potion of resistance {unknown}
 M - a potion of degeneration {unknown}
Comestibles
 f - 9 rations


   Skills:
 + Level 6.2 Fighting
 + Level 8.9 Short Blades
 - Level 1.0 Throwing
 + Level 5.7 Dodging
 + Level 9.2 Stealth
 - Level 1.0 Spellcasting
 - Level 5.1 Evocations


You had 8 spell levels left.
You knew the following spells:

 Your Spells              Type           Power        Failure   Level  Hunger
a - Regeneration          Chrm/Necr      #.........   58%         3    ####...

Your spell library contained the following spells:

 Spells                   Type           Power        Failure   Level  Hunger
 Animate Skeleton         Necr           N/A          24%         1    ##.....
 Pain                     Necr           #...         24%         1    ##.....
 Recall                   Summ/Tloc      N/A          58%         3    ####...
 Vampiric Draining        Necr           #.........   58%         3    ####...
 Animate Dead             Necr           N/A          94%         4    #####..
 Borgnjor's Vile Clutch   Necr/Erth      #.........   100%        5    ######.
 Death Channel            Necr           #.........   100%        6    #######
 Simulacrum               Ice/Necr       #.........   100%        6    #######


Dungeon Overview and Level Annotations

Branches:
Dungeon (10/15)            Temple (0/1) D:7            Lair (0/6) D:8
    Orc (1/2) D:10

Altars:
Cheibriados
Fedhas
Gozag
Ru
Sif Muna
Trog
Uskayaw
Xom
Zin
The Shining One

Shops:
D:8 *   D:9 =   D:10 (


Innate Abilities, Weirdness & Mutations

You have hoof-like feet.
When hurt, damage is shared between your health and your magic reserves.
You regenerate magic rapidly.
When low on magic, you restore magic in place of health.


Message History

Okay, then.
You feel better.
The gargoyle hits you with a morningstar.
* * * LOW HITPOINT WARNING * * *
You feel better.
The gargoyle is no longer covered in acid.
The gargoyle barely misses you.
You feel better.
The gargoyle hits you with a morningstar!
Found 18 gold pieces.
The gargoyle hurls a stone arrow at you.
The stone arrow misses you.
Found 9 gold pieces.
The gargoyle hurls a stone arrow at you.
The stone arrow hits you!
* * * LOW HITPOINT WARNING * * *
The gargoyle hurls a stone arrow at you.
The stone arrow hits you!
You die...
Your body crumbles into a pile of gold.

#.#.##. #........ .....
#)#.##.###..#####..##..#
#.#.##............. #.#.
#.#.###.....###... ....
#.#.###9###.###... #.##
#.#..##.# $#.... 9
###.##.##.# .... Z.
#.....∩...# #... ...
##.#.##.#.@##.#.##..
#.......##...###.>
#..#.#.######.#.#
#......# ##.# #.##.###
##.######<#. #.##.#
#..)<.......
#.##.########.?######...
#...........#..........
##########........>....


You could see a gargoyle.

Vanquished Creatures
  A hornet (D:9)
  Prince Ribbit (D:7)
  A troll (D:10)
  3 hippogriffs
  A yak (D:8)
  2 steam dragons
  Menkaure (D:5)
  4 orc warriors
  3 sky beasts
  3 ice beasts
  2 phantoms (D:7)
  2 black bears
  3 ogres
  5 centaurs
  2 big kobolds
  2 bullfrogs (D:6)
  4 scorpions
  8 howler monkeys
  4 jellies
  7 crimson imps
  3 hounds
  2 bullfrog zombies
  An iron imp (D:8)
  8 orc priests
  Crazy Yiuf (D:3)
  3 bullfrog skeletons
  3 iguanas
  7 orc wizards
  4 worker ants
  3 hound zombies
  A hound skeleton (D:7)
  7 gnolls
  2 worker ant zombies
  9 adders
  A shadow imp (D:6)
  10 oozes
  2 adder skeletons
  3 worms
  A dart slug (D:1)
  7 leopard geckos
  21 orcs
  5 giant cockroaches
  13 goblins
  6 hobgoblins
  5 jackals
  5 quokkas
  3 ball pythons
  9 bats
  6 frilled lizards
  25 kobolds
  A leopard gecko zombie (D:8)
  A quokka skeleton (D:8)
  5 rats
242 creatures vanquished.

Vanquished Creatures (others)
  5 fungi
  8 toadstools (D:3)
13 creatures vanquished.

Grand Total: 255 creatures vanquished

Notes
Turn   | Place    | Note
-------+----------+-------------------------------------------
     0 | D:1      | Gospel the Demonspawn Wanderer began the quest for the Orb.
     0 | D:1      | Gospel set off with: a +2 dagger, a scroll of blinking, a potion of curing, a +0 short sword, a +0 robe, a ration
     0 | D:1      | Reached XP level 1. HP: 21/21 MP: 1/1
   185 | D:1      | Gained mutation: When hurt, damage is shared between your health and your magic reserves. [demonic ancestry]
   185 | D:1      | Reached XP level 2. HP: 20/27 MP: 2/2
   795 | D:1      | Gained mutation: You have large cloven feet. [demonic ancestry]
   795 | D:1      | Reached XP level 3. HP: 29/33 MP: 3/3
  1693 | D:2      | Reached XP level 4. HP: 27/39 MP: 4/4
  2295 | D:3      | Found a glowing golden altar of the Shining One.
  2407 | D:3      | Reached XP level 5. HP: 28/44 MP: 2/5
  2704 | D:3      | Reached skill level 5 in Short Blades
  2844 | D:3      | Reached XP level 6. HP: 47/51 MP: 6/6
  2981 | D:3      | Found a runed door.
  3140 | D:3      | Noticed Crazy Yiuf
  3163 | D:3      | Killed Crazy Yiuf
  3957 | D:5      | Entered Level 5 of the Dungeon
  4225 | D:5      | Gained mutation: You have hoof-like feet. [demonic ancestry]
  4225 | D:5      | Reached XP level 7. HP: 39/56 MP: 4/7
  4397 | D:5      | Noticed Menkaure
  4614 | D:5      | Killed Menkaure
  5250 | D:5      | Found a bloodstained altar of Trog.
  5328 | D:6      | Reached XP level 8. HP: 62/62 MP: 8/8
  5338 | D:6      | Found an opulent altar of Gozag.
  6341 | D:6      | Reached skill level 2 in Stealth
  6341 | D:6      | Gained mutation: You regenerate magic rapidly. [demonic ancestry]
  6341 | D:6      | Reached XP level 9. HP: 30/68 MP: 5/12
  6428 | D:6      | Became a worshipper of Gozag Ym Sagoz the Greedy
  6436 | D:7      | Reached skill level 5 in Evocations
  6439 | D:7      | Reached skill level 5 in Dodging
  6616 | D:7      | Reached skill level 1 in Spellcasting
  6621 | D:7      | Reached skill level 3 in Stealth
  6880 | D:7      | Reached skill level 4 in Stealth
  7118 | D:7      | Reached skill level 5 in Stealth
  7196 | D:7      | Noticed Prince Ribbit
  7201 | D:7      | Killed Prince Ribbit
  7294 | D:7      | Found a staircase to the Ecumenical Temple.
  7411 | D:8      | Found a snail-covered altar of Cheibriados.
  7486 | D:8      | Reached skill level 6 in Stealth
  7586 | D:7      | Reached skill level 7 in Stealth
  7698 | D:8      | Found a staircase to the Lair.
  7756 | D:8      | Found a deep blue altar of Sif Muna.
  7781 | D:8      | Reached skill level 8 in Stealth
  7781 | D:8      | Gained mutation: When low on magic, you restore magic in place of health. [demonic ancestry]
  7781 | D:8      | Reached XP level 10. HP: 57/74 MP: 9/13
  7868 | D:8      | Found Lyptat's Assorted Antiques.
  7876 | D:8      | Bought a scroll of blinking for 187 gold pieces
  7876 | D:8      | Bought a scroll labeled ROEHYECSYF for 25 gold pieces
  7876 | D:8      | Bought a scroll labeled KYNATETTOT for 25 gold pieces
  7876 | D:8      | Bought a paperback book for 375 gold pieces
  8207 | D:9      | Found a blossoming altar of Fedhas.
  8257 | D:9      | Found a shimmering altar of Xom.
  8406 | D:9      | Learned a level 3 spell: Regeneration
  8424 | D:9      | Paralysed by a hornet for 2 turns
  8548 | D:9      | Found Jojariuq's Jewellery Emporium.
  8596 | D:9      | Bought the amulet "Daubbos" {Reflect rElec rN+ MP-9 SH+2} for 82 gold pieces
  8866 | D:9      | Got a distressingly furry chain mail
  8981 | D:9      | Found a sacrificial altar of Ru.
  8986 | D:9      | Found a hide-covered altar of Uskayaw.
  9016 | D:9      | Found a glowing silver altar of Zin.
  9208 | D:9      | Reached skill level 9 in Stealth
  9282 | D:10     | Entered Level 10 of the Dungeon
  9302 | D:10     | Found Piut Judgh's Weapon Boutique.
  9302 | D:10     | Noticed a gargoyle
  9338 | D:10     | Found a staircase to the Orcish Mines.
  9343 | Orc:1    | Entered Level 1 of the Orcish Mines
  9533 | D:10     | Killed from afar by a gargoyle

Skill      XL: |  1  2  3  4  5  6  7  8  9 10 |
---------------+-------------------------------+-----
Short Blades   | 2 3 4 5 6 8 |  8.9
Dodging        | 2 4 5 |  5.7
Evocations     | 4 5 |  5.1
Stealth        | 2 8 9 |  9.2
Spellcasting   | 1 |  1.0
Fighting       | 6 |  6.2
Throwing       | |  1.0

Action                   |  1- 3 |  4- 6 |  7- 9 | 10-12 || total
-------------------------+-------+-------+-------+-------++-------
Melee: Dagger            |   148 |   267 |   815 |   283 ||  1513
       Kick              |    14 |    44 |       |       ||    58
 Fire: Blowgun           |       |    25 |    25 |     2 ||    52
       Hunting sling     |       |       |    26 |       ||    26
Throw: Stone             |    15 |     2 |     4 |     3 ||    24
Evoke: Wand              |       |       |    19 |    16 ||    35
  Use: Scroll            |     2 |     9 |     3 |    11 ||    25
       Potion            |       |       |     1 |     4 ||     5
 Stab: Sleeping          |     8 |     4 |     8 |     6 ||    26
       Distracted        |       |     1 |     1 |     1 ||     3
       Paralysed         |       |       |     9 |     2 ||    11
  Eat: Chunk             |     3 |     3 |     5 |       ||    11
       Ration            |       |     1 |     2 |     2 ||     5
Armor: Robe              |    23 |    36 |   153 |    70 ||   282
Dodge: Dodged            |    69 |   125 |   336 |   172 ||   702
